 Dungeon Crawl Stone Soup version 0.28-a0-1199-gef9e1dbd39 (webtiles) character file.

Game seed: 15840589336733863600

136 fragbeetle the Poker (level 5, 0/41 HPs)
             Began as a Merfolk Gladiator on Dec 19, 2021.
             Splashed by a jelly's acid (5 damage)
             ... on level 4 of the Dungeon.
             The game lasted 00:06:59 (4089 turns).

fragbeetle the Poker (Merfolk Gladiator)            Turns: 4089, Time: 00:07:00

Health: 0/41       AC:  1    Str: 16    XL:     5   Next: 19%
Magic:  5/5        EV:  8    Int: 13    God:
Gold:   198        SH:  0    Dex: 16    Spells: 3/4 levels left

rFire   . . .      SeeInvis .   a - +0 trident
rCold   . . .      Faith    .   (no shield)
rNeg    . . .      Spirit   .   u - +3 chain mail
rPois   .          Reflect  .   c - +0 helmet
rElec   .          Harm     .   (no cloak)
rCorr   .          Rampage  .   w - +0 pair of gloves
Will    .....                   (no boots)
Stlth   ..........              (no amulet)
HPRegen 0.13/turn               f - +6 ring of intelligence
MPRegen 0.09/turn               (no ring)

@: corroded
A: (nimble swimmer 2), mertail
a: no special abilities


You were on level 4 of the Dungeon.
You visited 1 branch of the dungeon, and saw 4 of its levels.

You collected 198 gold pieces.

Inventory:

Hand Weapons
 a - a +0 trident (weapon)
 i - a +0 hunting sling
Missiles
 d - 3 throwing nets
 h - 67 stones
 m - 26 poisoned darts (quivered)
 o - 28 sling bullets
Armour
 b - a +0 leather armour
 c - a +0 helmet (worn)
 s - a +0 ring mail
 u - a +3 chain mail (worn)
 w - a +0 pair of gloves (worn)
Magical Staves
 e - a staff of death
Jewellery
 f - a +6 ring of intelligence (left hand)
Scrolls
 k - 6 scrolls of identify {unknown}
 l - a scroll of silence {unknown}
 n - 2 scrolls of magic mapping {unknown}
 q - a scroll of fog {unknown}
 r - a scroll of amnesia {unknown}
Potions
 g - a potion of cancellation {unknown}
 p - a potion of flight {unknown}
 t - a potion of berserk rage {unknown}
 v - 2 potions of magic {unknown}
 x - a potion of heal wounds {unknown}


   Skills:
 + Level 3.3 Fighting
 + Level 5.5 Polearms
 - Level 2.0 Throwing
 + Level 1.3 Armour
 + Level 5.1 Dodging
 + Level 0.8 Ice Magic


You had 3 spell levels left.
You knew the following spells:

 Your Spells              Type           Power      Damage    Failure   Level
a - Freeze                Ice            8%         1d3       99%         1

Your spell library contained the following spells:

 Spells                   Type           Power      Damage    Failure   Level
 Beastly Appendage        Tmut           0%         N/A       99%         1
 Corpse Rot               Necr/Air       0%         N/A       100%        2
 Wereblood                Tmut           0%         N/A       100%        2
 Frozen Ramparts          Ice            4%         1d2       100%        3
 Spider Form              Tmut/Pois      0%         N/A       100%        3
 Dispel Undead            Necr           0%         3d6       100%        4
 Hailstorm                Conj/Ice       1%         3d3       100%        4
 Death Channel            Necr           0%         N/A       100%        6


Dungeon Overview and Level Annotations

Branches:
Dungeon (4/15)
 Temple: D:4-7

Altars:


Innate Abilities, Weirdness & Mutations

((You are quick and stealthy near water. (Stealth+, EV+, Speed+++)))
Your lower body shifts to a powerful aquatic tail in water.


Message History

The jelly is heavily wounded.
The jelly hits you but does no damage.
You hit the jelly.
Your hands burn!
The jelly is heavily wounded.
The jelly hits you but does no damage.
You hit the jelly.
Your hands burn!
The jelly is severely wounded.
The jelly hits you but does no damage.
You hit the jelly.
Your hands burn!
The jelly is severely wounded.
The jelly hits you but does no damage.
You hit the jelly.
Your hands burn!
The jelly is almost dead.
The jelly hits you.
* * * LOW HITPOINT WARNING * * *
The acid corrodes you!
You are splashed with acid.
* * * LOW HITPOINT WARNING * * *
You feel better. The jelly hits you but does no damage.
You hit the jelly.
Your hands burn!
* * * LOW HITPOINT WARNING * * *
The jelly is almost dead.
The jelly hits you but does no damage.
You hit the jelly but do no damage.
Your hands burn!
* * * LOW HITPOINT WARNING * * *
The jelly is almost dead.
The jelly barely misses you.
You completely miss the jelly.
The jelly is almost dead.
The jelly hits you but does no damage.
You hit the jelly.
Your hands burn!
* * * LOW HITPOINT WARNING * * *
The jelly is almost dead.
The jelly barely misses you.
You feel better. The jelly barely misses you.
You hit the jelly.
Your hands burn!
* * * LOW HITPOINT WARNING * * *
The jelly is almost dead.
The jelly barely misses you.
You hit the jelly but do no damage. The acid corrodes you!
Your hands burn!
You die...

#.#
#.#.###.##.######## #
#.######.##.#..##.#
#........###...##.#
########## ##.<...#
########## #.#####
#........# #.#
#.#.###..# #.#
#.....#..####.########
#
#.#.#.#..##....J@....#
#
#.#.#..........#####.#
# #.#.###..##.....#
#.# .........###...##
#.##### #........#
##.## #.....#
###.###### #.# #####.#
....# #.# #.# .##(#
##.## #.# .##.#
##...## #)#


You could see a jelly.

Vanquished Creatures
  A hound skeleton (D:4)
  A howler monkey skeleton (D:4)
  3 adders
  A gnoll (D:1)
  A worm (D:3)
  2 dart slugs
  3 orcs
  6 ball pythons
  6 bats
  7 endoplasms
  7 giant cockroaches
  6 goblins
  3 hobgoblins
  4 kobolds
  2 quokkas (D:1)
  2 frilled lizards (D:1)
  A quokka skeleton (D:4)
  6 rats
62 creatures vanquished.

Notes
Turn   | Place    | Note
-------+----------+-------------------------------------------
     0 | D:1      | fragbeetle the Merfolk Gladiator began the quest for the
                  | Orb.
     0 | D:1      | Reached XP level 1. HP: 16/16 MP: 1/1
    78 | D:1      | Reached XP level 2. HP: 14/23 MP: 2/2
   443 | D:1      | Found a faded altar of an unknown god.
   631 | D:1      | Reached XP level 3. HP: 27/28 MP: 3/3
   918 | D:1      | Reached skill level 5 in Polearms
  1503 | D:2      | Reached skill level 1 in Armour
  1720 | D:2      | Reached XP level 4. HP: 33/34 MP: 4/4
  2587 | D:3      | Learned a level 1 spell: Freeze
  3046 | D:4      | Reached skill level 5 in Dodging
  3389 | D:4      | Reached XP level 5. HP: 41/41 MP: 5/5
  4083 | D:4      | HP: 2/41 [acid (5)]
  4089 | D:4      | Splashed by a jelly's acid

Illustrated notes

Levels and vault maps discovered:
D:1:      eino_arrival_water_star, layout_loops_corners, serial_rivers,
          chequers_serial_rivers_room_a, chequers_serial_rivers_micro_a,
          chequers_serial_rivers_large_a, chequers_serial_rivers_large_b,
          chequers_serial_rivers_micro_c, shapermc_ecumenical_altar_ellora
D:2:      layout_loops_ring
D:3:      layout_basic
D:4:      layout_loops_corners

Skill      XL: |  1  2  3  4 |
---------------+-------------+-----
Polearms       | 5 |  5.5
Armour         | 1 |  1.3
Fighting       | 3 |  3.3
Dodging        | 5 |  5.1
Throwing       | |  2.0
Ice Magic      | |  0.8

Action                   |  1- 3 |  4- 6 || total
-------------------------+-------+-------++-------
Melee: Trident           |   116 |   114 ||   230
Throw: Dart              |       |     3 ||     3
 Cast: Freeze            |       |     2 ||     2
  Use: Potion            |       |     3 ||     3
 Stab: Sleeping          |     3 |     1 ||     4
Armor: Leather armour    |    28 |     6 ||    34
       Chain mail        |       |    40 ||    40
       Ring mail         |       |     1 ||     1
Dodge: Dodged            |    86 |    51 ||   137

Table legend: (Time is in decaauts)
 A = Elapsed time spent in this place.
 B = Non-inter-level travel time spent in this place.
 C = Inter-level travel time spent in this place.
 D = Time resting spent in this place.
 E = Time spent auto-exploring this place.
 F = Levels seen in this place.
 G = Mean time per level.
                   A        B        C        D        E       F      G
               +--------+--------+--------+--------+--------+-----+--------+
         Total |   4049 |   3976 |     73 |    625 |   2521 |   4 | 1012.2 |
       Dungeon |   4049 |   3976 |     73 |    625 |   2521 |   4 | 1012.2 |
               +--------+--------+--------+--------+--------+-----+--------+

Top non-repeatable levels by time:
     D:1: 1423 daAuts
     D:4: 1075 daAuts
     D:3: 778 daAuts
     D:2: 772 daAuts
